 Dungeon Crawl Stone Soup version 0.25-a0-875-geaba134f46 (webtiles) character file.

Game seed: 9828083231982177447, levelgen mode: deterministic

26984 Error4North the Cleaver (level 13, -8/115 HPs)
             Began as a Hill Orc Fighter on Apr 29, 2020.
             Was a High Priest of Okawaru.
             Mangled by a lindwurm (18 damage)
             ... summoned by Kirke
             ... on level 12 of the Dungeon on May 1, 2020.
             The game lasted 00:58:34 (14532 turns).

Error4North the Cleaver (Hill Orc Fighter)         Turns: 14532, Time: 00:58:34

Health: -8/115     AC:  0    Str: 23    XL:     13   Next: 29%
Magic:  14/19      EV: 17    Int:  9    God:    Okawaru [*****.]
Gold:   790        SH:  0    Dex: 10    Spells: 12/12 levels left

rFire    . . .     SeeInvis .     - Unarmed
rCold    . . .     Gourm    .   (shield currently unavailable)
rNeg     . . .     Faith    .   (armour currently unavailable)
rPois    .         Spirit   .   (helmet currently unavailable)
rElec    .         Reflect  .   (cloak currently unavailable)
rCorr    .         Harm     .   (gloves currently unavailable)
MR       .....                  (boots currently unavailable)
Stlth    +++.......             (no amulet)
HPRegen  0.29/turn              (ring currently unavailable)
MPRegen  0.16/turn              (ring currently unavailable)

@: pig-form, heroism, finesse, very quick
A: small
a: Heroism, Finesse, Renounce Religion


You were on level 12 of the Dungeon.
You worshipped Okawaru.
Okawaru was extremely pleased with you.
You were very hungry.
You were a filthy swine.
You visited 3 branches of the dungeon, and saw 15 of its levels.
You also visited: Ossuary and Gauntlet.

You collected 790 gold pieces.

Inventory:

Hand Weapons
 g - the +4 hand axe of Nemelex Xobeh's Wrath (melded) {protect, rF+ MR+}
   (You found it in a Gauntlet)

   It grants its wielder temporary protection when it strikes (+7 to AC).
   It protects you from fire.
   It affects your resistance to hostile enchantments.
Missiles
 N - 2 boomerangs (quivered)
Armour
 b - a +0 helmet (melded)
 c - a +1 kite shield (melded)
 n - a scarf of cloud immunity (melded)
 v - a +1 pair of boots of running (melded)
 D - a +2 plate armour (melded)
Jewellery
 j - the ring "Zawk" (melded) {+Fly rF- Str+3 Dex+4 Stlth+}
   (You found it in a Gauntlet)

   [ring of flight]

   It affects your strength (+3).
   It affects your dexterity (+4).
   It makes you vulnerable to fire.
   It lets you fly.
   It makes you more stealthy.
 E - a +2 ring of protection (melded)
Wands
 m - a wand of flame (109)
 u - a wand of digging (16)
 y - a wand of acid (7)
 B - a wand of random effects (8)
 F - a wand of disintegration (40)
 M - a wand of iceblast (7)
Scrolls
 d - a scroll of enchant armour
 e - 2 scrolls of blinking {unknown}
 i - 6 scrolls of amnesia
 k - 12 scrolls of identify
 q - 6 scrolls of remove curse
 s - 2 scrolls of enchant weapon
 t - 8 scrolls of teleportation
 x - 3 scrolls of magic mapping
 A - 2 scrolls of immolation {unknown}
 C - a scroll of vulnerability {unknown}
 G - a scroll of fog {unknown}
 H - a scroll of torment {unknown}
 O - a scroll of silence {unknown}
Potions
 h - 6 potions of heal wounds
 l - a potion of berserk rage
 o - 3 potions of cancellation
 p - a potion of brilliance
 w - 9 potions of curing {unknown}
 z - 2 potions of stabbing {unknown}
 I - 2 potions of haste {unknown}
 J - a potion of lignification {unknown}
 K - a potion of mutation {unknown}
 L - 2 potions of flight {unknown}
Miscellaneous
 a - a phantom mirror
 r - a phial of floods
Comestibles
 f - 20 rations


   Skills:
 * Level 10.9(15.9) Fighting
 + Level 14.2(19.2) Axes
 + Level 0.1(5.1) Throwing
 * Level 10.2(15.2) Armour
 + Level 2.4(7.4) Dodging
 + Level 1.6(6.6) Stealth
 * Level 11.8(16.8) Shields
 * Level 8.6 Invocations
 * Level 7.1 Evocations


You had 12 spell levels left.
You didn't know any spells.
Your spell library contained the following spells:

 Spells                   Type           Power        Failure   Level  Hunger
 Beastly Appendage        Tmut           #.....       38%         1    ##.....
 Magic Dart               Conj           #...         38%         1    ##.....
 Blink                    Tloc           N/A          52%         2    ###....
 Call Imp                 Summ           #.......     52%         2    ###....
 Poisonous Vapours        Pois/Air       #.....       52%         2    ###....
 Slow                     Hex            #.......     52%         2    ###....
 Sticks to Snakes         Tmut           #.......     52%         2    ###....
 Confusing Touch          Hex            #.......     77%         3    ####...
 Conjure Flame            Conj/Fire      #.......     77%         3    ####...
 Gell's Gravitas          Tloc           #.........   77%         3    ####...
 Mephitic Cloud           Conj/Pois/Air  #.......     77%         3    ####...
 Recall                   Summ/Tloc      N/A          77%         3    ####...
 Spider Form              Tmut/Pois      #.........   77%         3    ####...
 Static Discharge         Conj/Air       #.......     77%         3    ####...
 Animate Dead             Necr           N/A          99%         4    #####..
 Cause Fear               Hex            #.........   99%         4    #####..
 Ice Form                 Ice/Tmut       #.......     99%         4    #####..
 Leda's Liquefaction      Hex/Erth       #.........   99%         4    #####..
 Petrify                  Tmut/Erth      #.......     99%         4    #####..
 Blade Hands              Tmut           #.........   100%        5    ######.
 Bolt of Magma            Conj/Fire/Erth #.........   100%        5    ######.
 Borgnjor's Vile Clutch   Necr/Erth      #.........   100%        5    ######.
 Lightning Bolt           Conj/Air       #.........   100%        5    ######.
 Metabolic Englaciation   Hex/Ice        #.........   100%        5    ######.
 Silence                  Hex/Air        #.........   100%        5    ######.
 Yara's Violent Unravell  Hex/Tmut       #.........   100%        5    ######.
 Death Channel            Necr           #.........   100%        6    #######
 Freezing Cloud           Conj/Ice/Air   #.........   100%        6    #######
 Iron Shot                Conj/Erth      #.........   100%        6    #######
 Simulacrum               Ice/Necr       #.........   100%        6    #######
 Statue Form              Tmut/Erth      #........    100%        6    #######
 Haunt                    Necr/Summ      #.........   100%        7    #######
 Ring of Flames           Chrm/Fire      #.........   100%        7    #######
 Borgnjor's Revivificati  Necr           #.........   100%        8    #######
 Death's Door             Chrm/Necr      #.........   100%        8    #######
 Discord                  Hex            #.........   100%        8    #######
 Ignition                 Fire           #.........   100%        8    #######
 Infestation              Necr           #.........   100%        8    #######
 Necromutation            Tmut/Necr      #.........   100%        8    #######
 Shatter                  Erth           #.........   100%        9    #######
 Tornado                  Air            #.........   100%        9    #######


Dungeon Overview and Level Annotations

Branches:
Dungeon (12/15)            Temple (1/1) D:6            Lair (2/6) D:11
Ossuary (visited)         Gauntlet (visited)
  Swamp: Lair:2-4    Shoals: Lair:2-4     Snake: Lair:2-4    Spider: Lair:2-4
    Orc: D:9-12

Altars:
Ashenzari
Cheibriados
Dithmenos
Elyvilon
Fedhas
Gozag
Hepliaklqana
Kikubaaqudgha
Makhleb
Nemelex Xobeh
Okawaru
Qazlal
Ru
Sif Muna
Trog
Uskayaw
Vehumet
Wu Jian
Xom
Yredelemnul
Zin
The Shining One

Shops:
D:6 [   D:12 }

Annotations:
D:12 Kirke
Lair:2 Gastronok


Message History

You hit something.
You hear some strange, mumbled words.
Something summons a lindwurm!
You hit something.
Kirke appears from thin air!
Reactivating autopickup.
Kirke casts a spell.
Kirke summons a sphinx!
You can now deal lightning-fast blows.
The lindwurm bites you. The lindwurm closely misses you.
The lindwurm claws you!
* * * LOW HITPOINT WARNING * * *
Kirke casts a spell.
Kirke flickers and vanishes!
Deactivating autopickup; reactivate with Ctrl-A.
The sphinx barely misses you. The sphinx hits you!
* * * LOW HITPOINT WARNING * * *
The sphinx hits you!
* * * LOW HITPOINT WARNING * * *
You miss something. The lindwurm bites you!!
You die...

#######.†......#
#% #........# +.
#........# ####.
#........# #$...
#...∩....#
####.##........#
#.....#.########
###'###.#
#...)hk.#
###.H{.## ######


You could see a sphinx and a lindwurm.

Vanquished Creatures
  A minotaur (Gauntlet)
  Josephine (D:10)
  Erica (D:9)
  4 two-headed ogres
  Urug (D:10)
  A fire crab (Gauntlet)
  A skeletal warrior (D:10)
  3 sixfirhies (Gauntlet)
  An unseen horror (D:11)
  Pikel (D:6)
  An ugly thing (D:11)
  A moth of wrath (Gauntlet)
  3 centaur zombies (D:10)
  A guardian serpent (D:9)
  3 spiny frogs
  4 komodo dragons
  A troll (D:11)
  4 hippogriffs
  3 wraiths (D:10)
  Sigmund (D:3)
  4 flying skulls
  7 shadows
  15 yaks
  A human (D:12)
  4 fire bats (Gauntlet)
  4 hogs (D:12)
  A hungry ghost (D:7)
  Edmund (D:4)
  A water moccasin (Lair:1)
  A hell hound (Gauntlet)
  2 porcupines
  4 orc warriors
  3 ice beasts
  2 black bears (D:11)
  An eye of draining (D:11)
  2 sky beasts
  4 phantoms
  10 wolves
  4 centaurs
  4 ogres
  A crocodile (Lair:2)
  2 big kobolds (D:3)
  10 bullfrogs
  A wyvern zombie (D:10)
  A water moccasin zombie (D:10)
  4 scorpions
  5 killer bees (D:10)
  6 wights
  2 howler monkeys
  9 crimson imps
  A quasit (D:10)
  3 bullfrog zombies
  3 centaur skeletons
  5 hounds
  A jelly (D:9)
  4 orc wizards
  7 bullfrog skeletons
  7 orc priests
  Ijyb (D:5)
  Terence (D:3)
  7 iguanas
  Natasha (thrice) (D:3)
  9 worker ants
  A killer bee zombie (D:7)
  2 big kobold zombies (Ossuary)
  2 hound zombies
  A hound skeleton (D:6)
  4 mummies
  2 howler monkey zombies
  2 worker ant zombies
  12 adders
  A howler monkey skeleton (D:7)
  5 shadow imps
  An adder zombie (Ossuary)
  3 adder skeletons
  3 worms
  2 dart slugs (D:1)
  4 leopard geckos
  22 orcs
  7 bats
  3 giant cockroaches
  A gnoll zombie (Ossuary)
  6 goblins
  4 hobgoblins
  2 jackals (D:11)
  12 kobolds
  7 quokkas
  3 frilled lizards
  2 goblin zombies (Ossuary)
  2 hobgoblin zombies (Ossuary)
  7 kobold zombies (Ossuary)
  2 leopard gecko zombies (D:8)
  2 orc zombies (D:8)
  2 quokka zombies (Ossuary)
  6 rats
  A rat zombie (Ossuary)
  2 plants (D:6)
343 creatures vanquished.

Vanquished Creatures (others)
  A scorpion (D:8)
  8 demonic plants (Gauntlet)
  2 plants (Lair:2)
11 creatures vanquished.

Grand Total: 354 creatures vanquished

Notes
Turn   | Place    | Note
-------+----------+-------------------------------------------
     0 | D:1      | Error4North the Hill Orc Fighter began the quest for the
                  | Orb.
     0 | D:1      | Reached XP level 1. HP: 19/19 MP: 1/1
    94 | D:1      | Reached XP level 2. HP: 23/27 MP: 2/2
   402 | D:1      | Found a sparkling altar of Nemelex Xobeh.
   737 | D:2      | Reached skill level 3 in Axes
   744 | D:2      | Reached XP level 3. HP: 33/33 MP: 3/3
   765 | D:2      | Found a shadowy altar of Dithmenos.
  1046 | D:2      | Upgraded the game from 0.25-a0-861-g340c9e8194 to
                  | 0.25-a0-869-g05d4e06a41
  1306 | D:3      | Found an iron altar of Okawaru.
  1317 | D:3      | Noticed Terence
  1325 | D:3      | Reached XP level 4. HP: 38/41 MP: 4/4
  1333 | D:3      | Killed Terence
  1364 | D:3      | Became a worshipper of Warmaster Okawaru
  1682 | D:3      | You fall into a shaft and drop 3 floors!
  1689 | D:6      | Found Qoxkafid's Armour Shoppe.
  1706 | D:6      | Reached XP level 5. HP: 38/47 MP: 5/5
  1725 | D:6      | Noticed a centaur
  1726 | D:6      | Noticed an ice beast
  1750 | D:6      | Killed an ice beast
  1750 | D:6      | Reached * piety under Okawaru
  1750 | D:6      | Reached skill level 5 in Fighting
  1750 | D:6      | Reached skill level 4 in Axes
  1750 | D:6      | Reached skill level 5 in Armour
  1750 | D:6      | Reached XP level 6. HP: 9/56 MP: 6/6
  1756 | D:6      | Reached skill level 1 in Dodging
  1783 | D:6      | Reached XP level 7. HP: 16/61 MP: 7/7
  1834 | D:6      | Reached skill level 5 in Axes
  2042 | D:6      | Found a staircase to the Ecumenical Temple.
  2050 | Temple   | Entered the Ecumenical Temple
  2217 | D:6      | Reached skill level 5 in Shields
  2221 | D:6      | Reached ** piety under Okawaru
  2572 | D:6      | Reached skill level 6 in Axes
  2594 | D:5      | Entered Level 5 of the Dungeon
  2705 | D:5      | Noticed Ijyb
  2719 | D:5      | Killed Ijyb
  2748 | D:4      | Noticed Edmund
  2816 | D:4      | Found a sacrificial altar of Ru.
  2844 | D:4      | Reached XP level 8. HP: 53/70 MP: 8/8
  3035 | D:4      | Reached skill level 7 in Axes
  3374 | D:3      | Noticed Sigmund
  3383 | D:3      | Killed Sigmund
  3509 | D:3      | Noticed Natasha
  3515 | D:3      | Killed Natasha
  3518 | D:3      | Found a bloodstained altar of Trog.
  3521 | D:3      | Found a radiant altar of Vehumet.
  3524 | D:3      | Found a glowing golden altar of the Shining One.
  3617 | D:3      | Noticed Natasha
  3622 | D:3      | Killed Natasha
  3844 | D:3      | Noticed Natasha
  3850 | D:3      | Killed Natasha
  3850 | D:3      | Reached skill level 8 in Axes
  3984 | D:4      | Killed Edmund
  3984 | D:4      | Reached *** piety under Okawaru
  4108 | D:4      | Reached skill level 1 in Invocations
  4315 | D:4      | Reached XP level 9. HP: 74/78 MP: 10/10
  4553 | D:5      | Found a sparkling altar of Nemelex Xobeh.
  4922 | D:5      | Reached skill level 9 in Axes
  5624 | D:6      | Noticed Pikel
  5797 | D:6      | Killed Pikel
  5797 | D:6      | Reached skill level 1 in Evocations
  5821 | D:6      | Reached **** piety under Okawaru
  6106 | D:7      | Reached skill level 10 in Axes
  6384 | D:7      | Reached XP level 10. HP: 56/88 MP: 9/12
  6878 | D:8      | Found a glowing silver altar of Zin.
  6878 | D:8      | Noticed an angel
  6879 | D:8      | Found a shimmering altar of Xom.
  6988 | D:8      | Found a sand-covered staircase.
  6994 | Ossuary  | Entered an ossuary
  7958 | D:9      | Noticed a guardian serpent
  7996 | D:9      | Killed a guardian serpent
  8181 | D:9      | Noticed Erica
  8191 | D:9      | Killed Erica
  8191 | D:9      | Reached ***** piety under Okawaru
  8191 | D:9      | Reached skill level 11 in Axes
  8191 | D:9      | Reached skill level 5 in Invocations
  8579 | D:10     | Entered Level 10 of the Dungeon
  8608 | D:10     | Noticed a two-headed ogre
  8623 | D:10     | Killed a two-headed ogre
  8623 | D:10     | Reached XP level 11. HP: 56/95 MP: 13/15
  8855 | D:10     | Received a gift from Okawaru
  8861 | D:10     | Got a transparent scale mail {god gift}
  8870 | D:10     | Identified the +1 scale mail of a bailey {Str+2} (Okawaru
                  | gifted it to you on level 10 of the Dungeon)
  9139 | D:10     | Noticed Josephine
  9139 | D:10     | Noticed a skeletal warrior
  9234 | D:9      | Reached skill level 12 in Axes
  9578 | D:10     | Killed a skeletal warrior
  9739 | D:10     | Noticed Urug
  9797 | D:10     | Reached skill level 5 in Evocations
  9799 | D:10     | Reached skill level 10 in Shields
  9817 | D:10     | Killed Urug
  9942 | D:10     | Reached XP level 12. HP: 99/105 MP: 17/17
 10400 | D:10     | Upgraded the game from 0.25-a0-869-g05d4e06a41 to
                  | 0.25-a0-875-geaba134f46
 10506 | D:10     | Found a glowing silver altar of Zin.
 10586 | D:10     | Killed Josephine
 10586 | D:10     | Received a gift from Okawaru
 10635 | D:11     | Found a gate leading to a gauntlet.
 10655 | Gauntlet | Entered a Gauntlet
 10655 | Gauntlet | Found a transporter.
 10655 | Gauntlet | Found a transporter.
 10804 | Gauntlet | Found a transporter.
 10819 | Gauntlet | Found a transporter.
 10833 | Gauntlet | Noticed a green death
 10834 | Gauntlet | Found a transporter.
 10847 | Gauntlet | Found a transporter.
 10866 | Gauntlet | Found a transporter.
 10936 | Gauntlet | Found a transporter.
 10951 | Gauntlet | Found a transporter.
 10973 | Gauntlet | Found a transporter.
 10980 | Gauntlet | Found a transporter.
 10996 | Gauntlet | Found a transporter.
 10996 | Gauntlet | Noticed a two-headed ogre
 11108 | Gauntlet | Reached skill level 13 in Axes
 11127 | Gauntlet | Found a transporter.
 11147 | Gauntlet | Got a pair of smoking gloves
 11150 | Gauntlet | Identified the cursed -5 pair of gloves of Bugesesu {+Blink
                  | rN+ Str+3 Dex+4} (You found it in a Gauntlet)
 11191 | Gauntlet | Found a transporter.
 11214 | Gauntlet | Reached skill level 10 in Fighting
 11257 | Gauntlet | Identified a +1 pair of boots of running (You found it in a
                  | Gauntlet)
 11507 | Gauntlet | Received a gift from Okawaru
 11525 | Gauntlet | Got a shimmering silver ring
 11532 | Gauntlet | Identified the ring "Zawk" {+Fly rF- Str+3 Dex+4 Stlth+}
                  | (You found it in a Gauntlet)
 11835 | Gauntlet | Noticed a minotaur
 11858 | Gauntlet | Killed a minotaur
 11858 | Gauntlet | Received a gift from Okawaru
 11868 | Gauntlet | Got a pitted hand axe
 11877 | D:11     | Identified the +4 hand axe of Nemelex Xobeh's Wrath
                  | {protect, rF+ MR+} (You found it in a Gauntlet)
 12049 | D:11     | Noticed a two-headed ogre
 12060 | D:11     | Killed a two-headed ogre
 12060 | D:11     | Reached skill level 1 in Stealth
 12126 | D:11     | Noticed a two-headed ogre
 12137 | D:11     | Killed a two-headed ogre
 12311 | D:11     | Noticed a two-headed ogre
 12324 | D:11     | Killed a two-headed ogre
 12343 | D:11     | Reached skill level 10 in Armour
 12398 | D:11     | Reached XP level 13. HP: 114/114 MP: 19/19
 12600 | D:11     | Found a staircase to the Lair.
 12817 | Lair:1   | Entered Level 1 of the Lair of Beasts
 13370 | Lair:1   | Reached skill level 14 in Axes
 13632 | Lair:2   | Noticed Gastronok
 13821 | Lair:2   | HP: 5/115 [poisoned by a spiny frog]
 13827 | Lair:2   | HP: 5/115 [poisoned by a spiny frog]
 13835 | Lair:2   | HP: 5/115 [poisoned by a spiny frog]
 13845 | Lair:2   | HP: 5/115 [poisoned by a spiny frog]
 14468 | D:12     | Found Zufenomm's Gadget Emporium.
 14490 | D:12     | Noticed Kirke
 14531 | D:12     | Noticed a sphinx
 14532 | D:12     | Mangled by a lindwurm

Levels and vault maps discovered:
D:1:      erik_arrival_orb_chamber, layout_basic, nemelex_diamond_rough_becter
D:2:      layout_basic, grunt_dithmenos_smoke, first_ration
D:3:      cheibrodos_thug_alley, layout_loops_cross,
          grunt_temple_overflow_diamond, serial_aquarium, aquarium_bridge_square
          [aquarium_subvault_window, aquarium_subvault_bridge,
          aquarium_subvault_bridge, aquarium_subvault_window],
          aquarium_window_1, aquarium_window_1, aquarium_view_2e,
          aquarium_view_2a, kennysheep_okawaru_gauntlet, uniq_natasha,
          uniq_sigmund, uniq_terence
D:4:      layout_loops_ring, nicolae_ru_sacrificial_ziggurat, uniq_edmund
D:5:      layout_basic, nemelex_spade_bored_becter, uniq_ijyb
D:6:      layout_cave_pods, minmay_temple_entry_gardened_gates, serial_shops,
          shop, uniq_pikel
D:7:      layout_loops_ring
D:8:      layout_loops_cross, grunt_temple_overflow_order_and_chaos_1,
          nicolae_ossuary_entry_giza
D:9:      layout_long_grid, nrook_guardian_serpent_double, uniq_erica
D:10:     hangedman_screamer, layout_long_grid, basic_altar, uniq_urug
D:11:     layout_roguey, grunt_lair_entry_orc_guard_hut, gauntlet_entry_generic,
          uniq_josephine
D:12:     layout_roguey [special_room_orc], hiddenorc1_lemuel, serial_shops,
          shop, grunt_pizzeria, uniq_maurice, uniq_kirke, uniq_erolcha
Temple:   nicolae_temple_elliptical
Lair:1:   layout_gridlike, guppyfry_lair_drakes
Lair:2:   layout_regular_city, uniq_gastronok

Skill      XL: |  1  2  3  4  5  6  7  8  9 10 11 12 13 |
---------------+----------------------------------------+-----
Fighting       | 4 5 6 7 8 9 10 | 10.9
Axes           | 3 4 6 8 10 11 12 13 14 | 14.2
Shields        | 4 5 6 7 9 10 11 | 11.8
Armour         | 4 5 6 7 8 9 10 | 10.2
Dodging        | 1 2 |  2.4
Invocations    | 1 3 5 7 8 |  8.6
Evocations     | 2 4 5 6 7 |  7.1
Stealth        | 1 |  1.6
Throwing       | |  0.1

Action                   |  1- 3 |  4- 6 |  7- 9 | 10-12 | 13-15 || total
-------------------------+-------+-------+-------+-------+-------++-------
Melee: War axe           |   108 |    50 |   409 |   614 |       ||  1181
       Hand axe          |       |       |       |   134 |   214 ||   348
       Unarmed           |       |       |       |       |    16 ||    16
Throw: Boomerang         |       |       |       |     3 |     3 ||     6
Invok: Heroism           |       |     1 |     8 |    22 |     4 ||    35
       Finesse           |       |       |       |     5 |     2 ||     7
Evoke: Wand              |       |       |       |     1 |       ||     1
  Use: Scroll            |       |     1 |     9 |    10 |     1 ||    21
       Potion            |       |     1 |     1 |     9 |       ||    11
 Stab: Invisible         |       |       |       |     5 |       ||     5
  Eat: Chunk             |     1 |     2 |    14 |    10 |     5 ||    32
       Ration            |       |       |     1 |     3 |       ||     4
Armor: Scale mail        |    65 |    22 |     3 |       |       ||    90
       Chain mail        |       |       |   204 |       |       ||   204
       Plate armour      |       |       |     8 |   301 |   111 ||   420
Dodge: Dodged            |    47 |    34 |    78 |   154 |    45 ||   358
Block: Kite shield       |    74 |    33 |   220 |   476 |   130 ||   933

Table legend:
 A = Non-vault XP
 B = Vault XP
 C = Vault XP percentage of total XP
 D = Non-vault monster count
 E = Vault monster count
 F = Vault count percentage of total count
                 A         B        C        D         E       F
            +---------+---------+-------+---------+---------+-------
      Total |   19998 |   18551 |  48.1 |     239 |     102 |  29.9
            +---------+---------+-------+---------+---------+-------
        D:1 |      28 |       0 |   0.0 |      16 |       0 |   0.0
        D:2 |      42 |       0 |   0.0 |      14 |       0 |   0.0
        D:3 |     148 |     497 |  77.1 |      19 |      14 |  42.4
        D:4 |     497 |     164 |  24.8 |      21 |       1 |   4.5
        D:5 |     382 |      36 |   8.6 |      13 |       1 |   7.1
        D:6 |    1139 |     697 |  38.0 |      20 |       1 |   4.8
        D:7 |    1183 |       0 |   0.0 |      20 |       0 |   0.0
        D:8 |     656 |      20 |   3.0 |      10 |       3 |  23.1
        D:9 |    1721 |    2056 |  54.4 |      22 |       5 |  18.5
       D:10 |    4136 |    6771 |  62.1 |      29 |      28 |  49.1
       D:11 |    6486 |     586 |   8.3 |      38 |       5 |  11.6
       D:12 |     132 |     993 |  88.3 |       1 |       5 |  83.3
     Lair:1 |    1210 |     387 |  24.2 |       4 |       3 |  42.9
     Lair:2 |    2238 |       0 |   0.0 |      12 |       0 |   0.0
    Ossuary |       0 |     129 | 100.0 |       0 |      21 | 100.0
   Gauntlet |       0 |    6215 | 100.0 |       0 |      15 | 100.0
            +---------+---------+-------+---------+---------+-------
